Connexion

CHICAGO Blackhawks vs CAROLINA Hurricanes

Created - 14 décembre 2023 at 05:47

Goals
1 2 3 T
CHICAGO Blackhawks 1 1 1 3
CAROLINA Hurricanes 1 0 3 4
Shots
1 2 3 T
CHICAGO Blackhawks 10 11 14 35
CAROLINA Hurricanes 9 15 8 32

GoalsPenalties
1st period
1. CHICAGO Blackhawks , Brandon Duhaime 2 (Joonas Donskoi 9, Brandon Carlo 18) at 2:00
2. CAROLINA Hurricanes , Brett Pesce 8 (Jack Hughes 26, Wayne Simmonds 21) at 17:30
No Penalty
2nd period
3. CHICAGO Blackhawks , Mathew Barzal 13 (Oliver Wahlstrom 20, Anton Stralman 22) at 2:26 (PP)
Esa Lindell (CAR) for Tripping (Minor) at 0:57
3rd period
4. CAROLINA Hurricanes , Cam York 3 (KAndre Miller 7, Curtis Lazar 10) at 8:17
5. CAROLINA Hurricanes , Esa Lindell 2 (Wayne Simmonds 22, Owen Power 33) at 10:32
6. CHICAGO Blackhawks , Pius Suter 21 (Connor Murphy 26) at 15:05
7. CAROLINA Hurricanes , Jack Hughes 21 (Esa Lindell 20, Marcus Johansson 16) at 17:00
Wayne Simmonds (CAR) for Slashing (Minor) at 1:47
Anton Stralman (CHI) for Hooking (Minor) at 1:47
Ryan Ellis (CAR) for Holding (Minor) at 10:38
Goalie Stats
John Gibson (CHI), 28 saves from 32 shots - (0,875), L, 18-13-0, 59:46 minutes
Ilya Samsonov (CAR), 32 saves from 35 shots - (0,914), W, 26-17-0, 60:00 minutes
3 StarsOfficial
1 - Jack Hughes (CAR)
2 - Esa Lindell (CAR)
3 - Wayne Simmonds (CAR)
Referees : Kevin Pollock and Eric Furlatt
Linesman : Tim Nowak and Jay Sharrers
Game Note
No Game Note
Finance
Level 1 -- Attendance: 6000 (100,00%) -- Ticket Income $720,000
Level 2 -- Attendance: 5680 (100,00%) -- Ticket Income $397,600
Level 3 -- Attendance: 1995 (99,75%) -- Ticket Income $89,775
Level 4 -- Attendance: 3294 (82,35%) -- Ticket Income $131,760
Luxury Box -- Attendance: 1000 (100,00%) -- Ticket Income $210,000
Game was played at the RBC Center.
Total Attendance: 17969 (96,19%)
Total Ticket Income: $1,549,135
Other Income: $309,827
Total Income: $1,858,962



Team Name Goals Shots Shots Attemp Shots Blocked PIM HIT PP PK FO%
CHICAGO Blackhawks 33573132111 / 2 (50%)053%
CAROLINA Hurricanes 4326666180 / 0 (0,00%147%

CHICAGO Blackhawks
Player Name POS G A P +/- PIM HIT SHT SB MP PP MP PP SHT PK MP PK SHT FO% FOT
Adam GaudetteC000-2010012:200:0000:00047% 15
Anton StralmanD011-2210125:291:3300:0000% 0
Brandon CarloD011-2032426:101:3310:0000% 0
Brandon DuhaimeRW101101207:000:0000:0000% 0
Brandon HickeyD000-1001314:430:0000:0000% 0
Brian DumoulinD000-1000015:230:0000:0000% 0
Christian FischerC/RW000-1006022:251:2600:000100% 2
Connor MurphyD0111010219:071:5500:0000% 0
Conor GarlandLW/RW000-2004013:090:0000:0000% 0
Evgenii DadonovRW000-2012113:090:0000:0000% 1
J.T. CompherC/LW/RW000100007:000:0000:00033% 9
Joonas DonskoiLW/RW011100007:030:0000:0000% 1
Mac WeegarD0001001219:071:5500:0000% 0
Mathew BarzalC101-1003022:281:2620:00059% 34
Nick SuzukiC0000012017:232:0200:00059% 22
Oliver WahlstromLW011-1004022:181:2610:0000% 2
Pius SuterC/RW1010015016:532:0200:00050% 2
Tage ThompsonLW/RW0000013016:532:0210:000100% 1
CAROLINA Hurricanes
Player Name POS G A P +/- PIM HIT SHT SB MP PP MP PP SHT PK MP PK SHT FO% FOT
Alexandre TexierC/LW000000005:320:0000:0000% 0
Blake LizotteC000000001:160:0000:00050% 2
Blake WheelerLW/RW0000001014:110:0000:000100% 2
Brandon SutterC/RW000-1002017:170:0000:0000% 0
Brett PesceD1011011225:480:0002:1200% 0
Cam YorkD101-1001016:000:0001:4700% 0
Connor DewarC000000005:320:0000:00033% 6
Curtis LazarC/LW/RW0110010014:110:0000:00059% 17
Esa LindellD1122232119:170:0000:3500% 0
Jack HughesC1123017026:240:0002:36042% 31
James van RiemsdykLW/RW000-1002018:090:0000:5200% 2
KAndre MillerD011-1011114:130:0000:0000% 0
Marcus JohanssonC/LW/RW0113002020:520:0002:3600% 0
Owen PowerD0112001119:590:0001:1600% 0
Pontus AbergLW/RW0000013015:270:0000:0000% 0
Ryan EllisD0001220124:410:0001:0600% 0
Tyler MotteC/LW/RW000-1045017:170:0000:00044% 25
Wayne SimmondsLW/RW0223244018:240:0000:52075% 4



Play-by-Play

1st period


0:01 of 1st period - Wayne Simmonds wins face-off versus Mathew Barzal in neutral zone.
0:24 of 1st period - Brandon Carlo is hit by Wayne Simmonds and loses puck.
0:33 of 1st period - Shot by Wayne Simmonds.
0:33 of 1st period - Shot Misses the Net.
0:35 of 1st period - Shot by Jack Hughes.
0:35 of 1st period - Stopped by John Gibson without a rebound.
0:36 of 1st period - Tage Thompson wins face-off versus Tyler Motte in CHICAGO Blackhawks zone.
0:46 of 1st period - Pius Suter is hit by Tyler Motte and loses puck.
1:12 of 1st period - Icing by Esa Lindell.
1:13 of 1st period - Adam Gaudette wins face-off versus James van Riemsdyk in CAROLINA Hurricanes zone.
1:13 of 1st period - Brian Dumoulin is hit by Esa Lindell and loses puck.
1:26 of 1st period - Shot by James van Riemsdyk.
1:26 of 1st period - Shot Blocked by Evgenii Dadonov.
1:28 of 1st period - Shot by Brandon Sutter.
1:28 of 1st period - Stopped by John Gibson without a rebound.
1:29 of 1st period - J.T. Compher wins face-off versus Curtis Lazar in CHICAGO Blackhawks zone.
1:56 of 1st period - Shot by Brandon Duhaime.
1:56 of 1st period - Shot Misses the Net.
1:58 of 1st period - Shot by Brandon Duhaime.
1:58 of 1st period - Shot Misses the Net.
2:00 of 1st period - Shot by Brandon Duhaime.
2:00 of 1st period - Goal by Brandon Duhaime - CHICAGO Blackhawks : 1 - CAROLINA Hurricanes : 0.
2:01 of 1st period - Mathew Barzal wins face-off versus Jack Hughes in neutral zone.
2:04 of 1st period - Shot by Mathew Barzal.
2:04 of 1st period - Deflect By Oliver Wahlstrom.
2:04 of 1st period - Stopped by Ilya Samsonov without a rebound.
2:05 of 1st period - Mathew Barzal wins face-off versus Connor Dewar in CAROLINA Hurricanes zone.
2:32 of 1st period - Shot by Alexandre Texier.
2:32 of 1st period - Shot Blocked by Brandon Hickey.
3:21 of 1st period - Shot by Brandon Carlo.
3:21 of 1st period - Stopped by Ilya Samsonov without a rebound.
3:22 of 1st period - Nick Suzuki wins face-off versus Curtis Lazar in CAROLINA Hurricanes zone.
3:53 of 1st period - Shot by Pontus Aberg.
3:53 of 1st period - Stopped by John Gibson without a rebound.
3:54 of 1st period - Adam Gaudette wins face-off versus Tyler Motte in CHICAGO Blackhawks zone.
4:05 of 1st period - Shot by James van Riemsdyk.
4:05 of 1st period - Shot Misses the Net.
4:19 of 1st period - Shot by James van Riemsdyk.
4:19 of 1st period - Shot Misses the Net.
5:17 of 1st period - Shot by Christian Fischer.
5:17 of 1st period - Stopped by Ilya Samsonov with a rebound.
5:19 of 1st period - Shot by Christian Fischer.
5:19 of 1st period - Shot Blocked by KAndre Miller.
5:21 of 1st period - Shot by Christian Fischer.
5:21 of 1st period - Shot Misses the Net.
5:43 of 1st period - Shot by Tage Thompson.
5:43 of 1st period - Stopped by Ilya Samsonov without a rebound.
5:44 of 1st period - Nick Suzuki wins face-off versus Jack Hughes in CAROLINA Hurricanes zone.
5:51 of 1st period - Icing by Ryan Ellis.
5:52 of 1st period - Jack Hughes wins face-off versus Nick Suzuki in CAROLINA Hurricanes zone.
6:12 of 1st period - Shot by Marcus Johansson.
6:12 of 1st period - Stopped by John Gibson with a rebound.
6:26 of 1st period - Shot by Tage Thompson.
6:26 of 1st period - Shot Misses the Net.
6:28 of 1st period - Shot by Anton Stralman.
6:28 of 1st period - Shot Misses the Net.
6:44 of 1st period - Pius Suter is hit by Wayne Simmonds and loses puck.
7:05 of 1st period - Shot by Christian Fischer.
7:05 of 1st period - Stopped by Ilya Samsonov with a rebound.
7:07 of 1st period - Shot by Christian Fischer.
7:07 of 1st period - Shot Blocked by Brett Pesce.
7:09 of 1st period - Shot by Mac Weegar.
7:09 of 1st period - Shot Misses the Net.
7:11 of 1st period - Shot by Oliver Wahlstrom.
7:11 of 1st period - Stopped by Ilya Samsonov without a rebound.
7:12 of 1st period - Tyler Motte wins face-off versus Joonas Donskoi in CAROLINA Hurricanes zone.
7:28 of 1st period - Icing by J.T. Compher.
7:29 of 1st period - Curtis Lazar wins face-off versus J.T. Compher in CHICAGO Blackhawks zone.
7:33 of 1st period - Icing by Brandon Hickey.
7:34 of 1st period - J.T. Compher wins face-off versus James van Riemsdyk in CHICAGO Blackhawks zone.
7:34 of 1st period - J.T. Compher is hit by Tyler Motte.
9:39 of 1st period - Shot by Jack Hughes.
9:39 of 1st period - Stopped by John Gibson without a rebound.
9:40 of 1st period - Connor Dewar wins face-off versus Adam Gaudette in CHICAGO Blackhawks zone.
9:51 of 1st period - Shot by Brett Pesce.
9:51 of 1st period - Shot Misses the Net.
10:39 of 1st period - Shot by Pius Suter.
10:39 of 1st period - Stopped by Ilya Samsonov without a rebound.
10:40 of 1st period - Pius Suter wins face-off versus Curtis Lazar in CAROLINA Hurricanes zone.
10:51 of 1st period - Shot by Blake Wheeler.
10:51 of 1st period - Shot Blocked by Brandon Hickey.
11:54 of 1st period - Icing by Mathew Barzal.
11:55 of 1st period - Mathew Barzal wins face-off versus Jack Hughes in CHICAGO Blackhawks zone.
12:07 of 1st period - Icing by Christian Fischer.
12:08 of 1st period - Mathew Barzal wins face-off versus Tyler Motte in CHICAGO Blackhawks zone.
12:15 of 1st period - Icing by Owen Power.
12:16 of 1st period - Adam Gaudette wins face-off versus Tyler Motte in CAROLINA Hurricanes zone.
12:22 of 1st period - Icing by Owen Power.
12:23 of 1st period - Nick Suzuki wins face-off versus Tyler Motte in CAROLINA Hurricanes zone.
14:28 of 1st period - Shot by Curtis Lazar.
14:28 of 1st period - Shot Misses the Net.
14:37 of 1st period - Icing by Mac Weegar.
14:38 of 1st period - Mathew Barzal wins face-off versus Jack Hughes in CHICAGO Blackhawks zone.
15:15 of 1st period - Shot by Evgenii Dadonov.
15:15 of 1st period - Stopped by Ilya Samsonov without a rebound.
15:16 of 1st period - Nick Suzuki wins face-off versus Tyler Motte in CAROLINA Hurricanes zone.
15:16 of 1st period - Tage Thompson is hit by Ryan Ellis and loses puck.
15:37 of 1st period - Icing by Brett Pesce.
15:38 of 1st period - Tyler Motte wins face-off versus J.T. Compher in CAROLINA Hurricanes zone.
15:47 of 1st period - Shot by Tyler Motte.
15:47 of 1st period - Stopped by John Gibson without a rebound.
15:48 of 1st period - Blake Wheeler wins face-off versus Adam Gaudette in CHICAGO Blackhawks zone.
15:51 of 1st period - Shot by Cam York.
15:51 of 1st period - Shot Misses the Net.
15:58 of 1st period - Icing by Anton Stralman.
15:59 of 1st period - Adam Gaudette wins face-off versus Jack Hughes in CHICAGO Blackhawks zone.
16:04 of 1st period - Shot by Jack Hughes.
16:04 of 1st period - Shot Misses the Net.
16:06 of 1st period - Shot by Wayne Simmonds.
16:06 of 1st period - Stopped by John Gibson with a rebound.
16:21 of 1st period - Icing by Brandon Carlo.
16:22 of 1st period - Tyler Motte wins face-off versus Adam Gaudette in CHICAGO Blackhawks zone.
17:28 of 1st period - Shot by Jack Hughes.
17:28 of 1st period - Shot Misses the Net.
17:30 of 1st period - Shot by Brett Pesce.
17:30 of 1st period - Goal by Brett Pesce - CHICAGO Blackhawks : 1 - CAROLINA Hurricanes : 1.
17:31 of 1st period - Blake Wheeler wins face-off versus Mathew Barzal in neutral zone.
17:34 of 1st period - Christian Fischer is hit by Pontus Aberg and loses puck.
18:02 of 1st period - Shot by KAndre Miller.
18:02 of 1st period - Stopped by John Gibson with a rebound.
18:08 of 1st period - Shot by Pontus Aberg.
18:08 of 1st period - Shot Misses the Net.
18:10 of 1st period - Shot by Cam York.
18:10 of 1st period - Shot Blocked by Mac Weegar.
19:14 of 1st period - Off-side.
19:15 of 1st period - Tyler Motte wins face-off versus J.T. Compher in neutral zone.
19:32 of 1st period - Shot by Brandon Duhaime.
19:32 of 1st period - Stopped by Ilya Samsonov without a rebound.
19:33 of 1st period - Adam Gaudette wins face-off versus Curtis Lazar in CAROLINA Hurricanes zone.
19:34 of 1st period - Shot by Evgenii Dadonov.
19:34 of 1st period - Shot Misses the Net.
Goals for this period are 1 for CHICAGO Blackhawks vs 1 for CAROLINA Hurricanes .
Shots for this period are 10 for CHICAGO Blackhawks vs 9 for CAROLINA Hurricanes .

2nd period


0:01 of 2nd period - Mathew Barzal wins face-off versus Jack Hughes in neutral zone.
0:13 of 2nd period - Icing by Ryan Ellis.
0:14 of 2nd period - Nick Suzuki wins face-off versus Jack Hughes in CAROLINA Hurricanes zone.
0:38 of 2nd period - Shot by Jack Hughes.
0:38 of 2nd period - Shot Misses the Net.
0:40 of 2nd period - Shot by Wayne Simmonds.
0:40 of 2nd period - Stopped by John Gibson without a rebound.
0:41 of 2nd period - Mathew Barzal wins face-off versus Tyler Motte in CHICAGO Blackhawks zone.
0:57 of 2nd period - Minor Penalty to Esa Lindell for Tripping.
0:58 of 2nd period - Jack Hughes wins face-off versus Nick Suzuki in CAROLINA Hurricanes zone.
2:26 of 2nd period - Shot by Mathew Barzal.
2:26 of 2nd period - Goal by Mathew Barzal - CHICAGO Blackhawks : 2 - CAROLINA Hurricanes : 1.
2:27 of 2nd period - Curtis Lazar wins face-off versus J.T. Compher in neutral zone.
2:40 of 2nd period - Shot by KAndre Miller.
2:40 of 2nd period - Shot Misses the Net.
2:52 of 2nd period - Shot by Pontus Aberg.
2:52 of 2nd period - Stopped by John Gibson with a rebound.
3:20 of 2nd period - J.T. Compher is hit by Esa Lindell and loses puck.
4:10 of 2nd period - Off-side.
4:11 of 2nd period - Jack Hughes wins face-off versus Mathew Barzal in neutral zone.
4:18 of 2nd period - Shot by Wayne Simmonds.
4:18 of 2nd period - Shot Blocked by Brandon Carlo.
4:22 of 2nd period - Shot by Wayne Simmonds.
4:22 of 2nd period - Stopped by John Gibson without a rebound.
4:23 of 2nd period - Nick Suzuki wins face-off versus Connor Dewar in CHICAGO Blackhawks zone.
5:03 of 2nd period - Shot by Jack Hughes.
5:03 of 2nd period - Shot Blocked by Connor Murphy.
5:27 of 2nd period - Shot by Christian Fischer.
5:27 of 2nd period - Stopped by Ilya Samsonov with a rebound.
6:00 of 2nd period - Shot by Christian Fischer.
6:00 of 2nd period - Shot Blocked by Owen Power.
6:37 of 2nd period - Shot by Adam Gaudette.
6:37 of 2nd period - Shot Misses the Net.
6:39 of 2nd period - Shot by Mac Weegar.
6:39 of 2nd period - Shot Misses the Net.
6:58 of 2nd period - Off-side.
6:59 of 2nd period - Curtis Lazar wins face-off versus J.T. Compher in neutral zone.
7:18 of 2nd period - Shot by Pontus Aberg.
7:18 of 2nd period - Stopped by John Gibson without a rebound.
7:19 of 2nd period - Mathew Barzal wins face-off versus Jack Hughes in CHICAGO Blackhawks zone.
7:28 of 2nd period - Shot by Christian Fischer.
7:28 of 2nd period - Stopped by Ilya Samsonov without a rebound.
7:29 of 2nd period - Curtis Lazar wins face-off versus Nick Suzuki in CAROLINA Hurricanes zone.
8:10 of 2nd period - Shot by Curtis Lazar.
8:10 of 2nd period - Shot Misses the Net.
8:12 of 2nd period - Shot by Cam York.
8:12 of 2nd period - Shot Blocked by Brandon Hickey.
8:19 of 2nd period - Icing by Pius Suter.
8:20 of 2nd period - Jack Hughes wins face-off versus Nick Suzuki in CHICAGO Blackhawks zone.
10:10 of 2nd period - Off-side.
10:11 of 2nd period - Curtis Lazar wins face-off versus Adam Gaudette in neutral zone.
10:48 of 2nd period - Icing by Cam York.
10:49 of 2nd period - Curtis Lazar wins face-off versus J.T. Compher in CAROLINA Hurricanes zone.
10:51 of 2nd period - KAndre Miller is hit by Brandon Duhaime and loses puck.
11:31 of 2nd period - Jack Hughes is hit by Brandon Carlo and loses puck.
11:47 of 2nd period - Shot by Jack Hughes.
11:47 of 2nd period - Shot Blocked by Brandon Carlo.
11:51 of 2nd period - Shot by Wayne Simmonds.
11:51 of 2nd period - Shot Misses the Net.
12:13 of 2nd period - Shot by Tyler Motte.
12:13 of 2nd period - Stopped by John Gibson with a rebound.
12:23 of 2nd period - Shot by Brandon Sutter.
12:23 of 2nd period - Stopped by John Gibson without a rebound.
12:24 of 2nd period - Curtis Lazar wins face-off versus Mathew Barzal in CHICAGO Blackhawks zone.
12:25 of 2nd period - Shot by Blake Wheeler.
12:25 of 2nd period - Stopped by John Gibson without a rebound.
12:26 of 2nd period - Curtis Lazar wins face-off versus Oliver Wahlstrom in CHICAGO Blackhawks zone.
12:32 of 2nd period - Icing by Connor Murphy.
12:33 of 2nd period - Tyler Motte wins face-off versus Mathew Barzal in CHICAGO Blackhawks zone.
12:38 of 2nd period - Shot by James van Riemsdyk.
12:38 of 2nd period - Stopped by John Gibson without a rebound.
12:39 of 2nd period - Jack Hughes wins face-off versus Mathew Barzal in CHICAGO Blackhawks zone.
12:52 of 2nd period - Shot by Mathew Barzal.
12:52 of 2nd period - Shot Misses the Net.
13:00 of 2nd period - Shot by Christian Fischer.
13:00 of 2nd period - Shot Misses the Net.
13:02 of 2nd period - Shot by Mac Weegar.
13:02 of 2nd period - Stopped by Ilya Samsonov without a rebound.
13:03 of 2nd period - Tyler Motte wins face-off versus Nick Suzuki in CAROLINA Hurricanes zone.
13:03 of 2nd period - Tyler Motte is hit by Nick Suzuki.
13:27 of 2nd period - Shot by Tage Thompson.
13:27 of 2nd period - Shot Misses the Net.
13:29 of 2nd period - Shot by Pius Suter.
13:29 of 2nd period - Shot Blocked by Esa Lindell.
13:44 of 2nd period - Shot by Pius Suter.
13:44 of 2nd period - Shot Misses the Net.
13:46 of 2nd period - Shot by Pius Suter.
13:46 of 2nd period - Stopped by Ilya Samsonov without a rebound.
13:47 of 2nd period - Mathew Barzal wins face-off versus Jack Hughes in CAROLINA Hurricanes zone.
14:02 of 2nd period - Shot by Oliver Wahlstrom.
14:02 of 2nd period - Shot Misses the Net.
14:04 of 2nd period - Shot by Oliver Wahlstrom.
14:04 of 2nd period - Stopped by Ilya Samsonov without a rebound.
14:05 of 2nd period - Curtis Lazar wins face-off versus Adam Gaudette in CAROLINA Hurricanes zone.
14:48 of 2nd period - Shot by Conor Garland.
14:48 of 2nd period - The goal is going for a video replay.
14:48 of 2nd period - The goal is refused.
14:49 of 2nd period - Jack Hughes wins face-off versus Mathew Barzal in CAROLINA Hurricanes zone.
15:06 of 2nd period - Shot by Jack Hughes.
15:06 of 2nd period - Stopped by John Gibson without a rebound.
15:07 of 2nd period - Nick Suzuki wins face-off versus Tyler Motte in CHICAGO Blackhawks zone.
15:12 of 2nd period - Shot by Esa Lindell.
15:12 of 2nd period - Stopped by John Gibson without a rebound.
15:13 of 2nd period - Mathew Barzal wins face-off versus Jack Hughes in CHICAGO Blackhawks zone.
15:13 of 2nd period - Mathew Barzal is hit by Wayne Simmonds.
15:30 of 2nd period - Shot by Christian Fischer.
15:30 of 2nd period - Stopped by Ilya Samsonov without a rebound.
15:31 of 2nd period - Tyler Motte wins face-off versus Nick Suzuki in CAROLINA Hurricanes zone.
15:48 of 2nd period - Shot by James van Riemsdyk.
15:48 of 2nd period - Stopped by John Gibson without a rebound.
15:49 of 2nd period - Jack Hughes wins face-off versus Mathew Barzal in CHICAGO Blackhawks zone.
15:52 of 2nd period - Shot by Wayne Simmonds.
15:52 of 2nd period - Stopped by John Gibson without a rebound.
15:53 of 2nd period - Mathew Barzal wins face-off versus Jack Hughes in CHICAGO Blackhawks zone.
16:12 of 2nd period - Christian Fischer is hit by Brett Pesce and loses puck.
16:31 of 2nd period - Shot by Jack Hughes.
16:31 of 2nd period - Stopped by John Gibson with a rebound.
16:35 of 2nd period - Shot by Jack Hughes.
16:35 of 2nd period - Stopped by John Gibson without a rebound.
16:36 of 2nd period - Tyler Motte wins face-off versus Nick Suzuki in CHICAGO Blackhawks zone.
17:03 of 2nd period - Shot by Nick Suzuki.
17:03 of 2nd period - Stopped by Ilya Samsonov with a rebound.
17:05 of 2nd period - Shot by Tage Thompson.
17:05 of 2nd period - Shot Misses the Net.
17:07 of 2nd period - Shot by Pius Suter.
17:07 of 2nd period - Stopped by Ilya Samsonov without a rebound.
17:08 of 2nd period - Adam Gaudette wins face-off versus Curtis Lazar in CAROLINA Hurricanes zone.
17:14 of 2nd period - Conor Garland is hit by KAndre Miller.
17:34 of 2nd period - Shot by Conor Garland.
17:34 of 2nd period - Shot Misses the Net.
17:36 of 2nd period - Shot by Evgenii Dadonov.
17:36 of 2nd period - Shot Misses the Net.
17:38 of 2nd period - Shot by Conor Garland.
17:38 of 2nd period - Shot Misses the Net.
17:48 of 2nd period - Shot by Conor Garland.
17:48 of 2nd period - Stopped by Ilya Samsonov with a rebound.
18:52 of 2nd period - Ryan Ellis is hit by Brandon Carlo and loses puck.
19:06 of 2nd period - Icing by Brandon Carlo.
19:07 of 2nd period - Tyler Motte wins face-off versus Mathew Barzal in CHICAGO Blackhawks zone.
19:30 of 2nd period - Shot by Tyler Motte.
19:30 of 2nd period - Stopped by John Gibson without a rebound.
19:31 of 2nd period - Connor Dewar wins face-off versus Nick Suzuki in CHICAGO Blackhawks zone.
Goals for this period are 1 for CHICAGO Blackhawks vs 0 for CAROLINA Hurricanes .
Shots for this period are 11 for CHICAGO Blackhawks vs 15 for CAROLINA Hurricanes .

3rd period


0:01 of 3rd period - Mathew Barzal wins face-off versus Jack Hughes in neutral zone.
0:01 of 3rd period - Mathew Barzal is hit by Wayne Simmonds.
0:05 of 3rd period - Shot by Brandon Carlo.
0:05 of 3rd period - Shot Misses the Net.
0:08 of 3rd period - Icing by Brett Pesce.
0:09 of 3rd period - Mathew Barzal wins face-off versus Jack Hughes in CAROLINA Hurricanes zone.
0:09 of 3rd period - Brandon Carlo is hit by Ryan Ellis and loses puck.
0:25 of 3rd period - Off-side.
0:26 of 3rd period - Nick Suzuki wins face-off versus Tyler Motte in neutral zone.
0:33 of 3rd period - Shot by Tage Thompson.
0:33 of 3rd period - Stopped by Ilya Samsonov without a rebound.
0:34 of 3rd period - Wayne Simmonds wins face-off versus Oliver Wahlstrom in CAROLINA Hurricanes zone.
1:47 of 3rd period - Minor Penalty to Wayne Simmonds for Slashing.
1:47 of 3rd period - Minor Penalty to Anton Stralman for Hooking.
1:48 of 3rd period - Blake Lizotte wins face-off versus Evgenii Dadonov in CHICAGO Blackhawks zone.
1:51 of 3rd period - Shot by Pontus Aberg.
1:51 of 3rd period - Shot Blocked by Mac Weegar.
2:39 of 3rd period - Icing by Owen Power.
2:40 of 3rd period - Christian Fischer wins face-off versus Blake Lizotte in CAROLINA Hurricanes zone.
3:23 of 3rd period - Icing by Marcus Johansson.
3:24 of 3rd period - Nick Suzuki wins face-off versus Jack Hughes in CAROLINA Hurricanes zone.
3:36 of 3rd period - Shot by Nick Suzuki.
3:36 of 3rd period - Shot Misses the Net.
3:38 of 3rd period - Shot by Oliver Wahlstrom.
3:38 of 3rd period - Shot Misses the Net.
3:51 of 3rd period - Icing by Cam York.
3:52 of 3rd period - Tyler Motte wins face-off versus Adam Gaudette in CAROLINA Hurricanes zone.
3:52 of 3rd period - Tyler Motte is hit by Evgenii Dadonov.
3:58 of 3rd period - Brandon Hickey is hit by Tyler Motte and loses puck.
4:25 of 3rd period - Shot by Tyler Motte.
4:25 of 3rd period - Stopped by John Gibson without a rebound.
4:26 of 3rd period - Nick Suzuki wins face-off versus Curtis Lazar in CHICAGO Blackhawks zone.
4:40 of 3rd period - Shot by Pius Suter.
4:40 of 3rd period - Shot Misses the Net.
4:42 of 3rd period - Shot by Connor Murphy.
4:42 of 3rd period - Shot Misses the Net.
4:44 of 3rd period - Shot by Nick Suzuki.
4:44 of 3rd period - Stopped by Ilya Samsonov without a rebound.
4:45 of 3rd period - Jack Hughes wins face-off versus Mathew Barzal in CAROLINA Hurricanes zone.
5:12 of 3rd period - Shot by Marcus Johansson.
5:12 of 3rd period - Shot Misses the Net.
5:40 of 3rd period - Shot by Tyler Motte.
5:40 of 3rd period - Stopped by John Gibson without a rebound.
5:41 of 3rd period - Nick Suzuki wins face-off versus Tyler Motte in CHICAGO Blackhawks zone.
5:41 of 3rd period - Nick Suzuki is hit by Tyler Motte.
5:53 of 3rd period - Shot by Owen Power.
5:53 of 3rd period - Shot Blocked by Connor Murphy.
6:52 of 3rd period - Icing by Evgenii Dadonov.
6:53 of 3rd period - Jack Hughes wins face-off versus Adam Gaudette in CHICAGO Blackhawks zone.
7:54 of 3rd period - Curtis Lazar is hit by Adam Gaudette and loses puck.
8:04 of 3rd period - Cam York is hit by Anton Stralman and loses puck.
8:13 of 3rd period - Shot by Pontus Aberg.
8:13 of 3rd period - Deflect By Curtis Lazar.
8:13 of 3rd period - Shot Misses the Net.
8:15 of 3rd period - Shot by KAndre Miller.
8:15 of 3rd period - Shot Misses the Net.
8:17 of 3rd period - Shot by Cam York.
8:17 of 3rd period - Goal by Cam York - CHICAGO Blackhawks : 2 - CAROLINA Hurricanes : 2.
8:18 of 3rd period - Nick Suzuki wins face-off versus Tyler Motte in neutral zone.
8:27 of 3rd period - Shot by Nick Suzuki.
8:27 of 3rd period - Shot Misses the Net.
8:29 of 3rd period - Shot by Pius Suter.
8:29 of 3rd period - Stopped by Ilya Samsonov without a rebound.
8:30 of 3rd period - Mathew Barzal wins face-off versus Connor Dewar in CAROLINA Hurricanes zone.
9:01 of 3rd period - Shot by Oliver Wahlstrom.
9:01 of 3rd period - Shot Misses the Net.
9:03 of 3rd period - Shot by Christian Fischer.
9:03 of 3rd period - Stopped by Ilya Samsonov without a rebound.
9:04 of 3rd period - Tyler Motte wins face-off versus Nick Suzuki in CAROLINA Hurricanes zone.
9:20 of 3rd period - Tyler Motte is hit by Connor Murphy and loses puck.
9:23 of 3rd period - Shot by Brandon Sutter.
9:23 of 3rd period - Shot Misses the Net.
9:44 of 3rd period - Off-side.
9:45 of 3rd period - Mathew Barzal wins face-off versus Jack Hughes in neutral zone.
9:54 of 3rd period - Shot by Mathew Barzal.
9:54 of 3rd period - Stopped by Ilya Samsonov without a rebound.
9:55 of 3rd period - Jack Hughes wins face-off versus Adam Gaudette in CAROLINA Hurricanes zone.
10:28 of 3rd period - Shot by Owen Power.
10:28 of 3rd period - Shot Blocked by Anton Stralman.
10:30 of 3rd period - Shot by Wayne Simmonds.
10:30 of 3rd period - Shot Blocked by Brandon Carlo.
10:32 of 3rd period - Shot by Esa Lindell.
10:32 of 3rd period - Goal by Esa Lindell - CHICAGO Blackhawks : 2 - CAROLINA Hurricanes : 3.
10:33 of 3rd period - Mathew Barzal wins face-off versus Tyler Motte in neutral zone.
10:37 of 3rd period - Icing by Brett Pesce.
10:38 of 3rd period - Mathew Barzal wins face-off versus Tyler Motte in CAROLINA Hurricanes zone.
10:38 of 3rd period - Minor Penalty to Ryan Ellis for Holding.
10:39 of 3rd period - Jack Hughes wins face-off versus Mathew Barzal in CAROLINA Hurricanes zone.
10:52 of 3rd period - Shot by Oliver Wahlstrom.
10:52 of 3rd period - Shot Misses the Net.
10:54 of 3rd period - Shot by Anton Stralman.
10:54 of 3rd period - Shot Misses the Net.
10:56 of 3rd period - Shot by Oliver Wahlstrom.
10:56 of 3rd period - Stopped by Ilya Samsonov with a rebound.
10:58 of 3rd period - Shot by Oliver Wahlstrom.
10:58 of 3rd period - Shot Blocked by Brett Pesce.
11:00 of 3rd period - Shot by Mathew Barzal.
11:00 of 3rd period - Stopped by Ilya Samsonov without a rebound.
11:01 of 3rd period - Jack Hughes wins face-off versus Pius Suter in CAROLINA Hurricanes zone.
11:32 of 3rd period - Shot by Tage Thompson.
11:32 of 3rd period - Shot Misses the Net.
11:34 of 3rd period - Shot by Connor Murphy.
11:34 of 3rd period - Shot Misses the Net.
11:36 of 3rd period - Shot by Tage Thompson.
11:36 of 3rd period - Stopped by Ilya Samsonov without a rebound.
11:37 of 3rd period - Mathew Barzal wins face-off versus Wayne Simmonds in CAROLINA Hurricanes zone.
11:54 of 3rd period - Shot by Brandon Carlo.
11:54 of 3rd period - Stopped by Ilya Samsonov without a rebound.
11:55 of 3rd period - Nick Suzuki wins face-off versus Jack Hughes in CAROLINA Hurricanes zone.
12:19 of 3rd period - Off-side.
12:20 of 3rd period - Wayne Simmonds wins face-off versus Mathew Barzal in neutral zone.
12:26 of 3rd period - Icing by Oliver Wahlstrom.
12:27 of 3rd period - Christian Fischer wins face-off versus Jack Hughes in CHICAGO Blackhawks zone.
12:27 of 3rd period - Christian Fischer is hit by Jack Hughes.
12:48 of 3rd period - Shot by Conor Garland.
12:48 of 3rd period - Shot Misses the Net.
12:50 of 3rd period - Shot by Brandon Hickey.
12:50 of 3rd period - Shot Misses the Net.
12:52 of 3rd period - Shot by Conor Garland.
12:52 of 3rd period - Deflect By Evgenii Dadonov.
12:52 of 3rd period - Stopped by Ilya Samsonov with a rebound.
12:54 of 3rd period - Shot by Brandon Hickey.
12:54 of 3rd period - Stopped by Ilya Samsonov without a rebound.
12:55 of 3rd period - Curtis Lazar wins face-off versus Mathew Barzal in CAROLINA Hurricanes zone.
12:59 of 3rd period - Pontus Aberg is hit by Brandon Carlo and loses puck.
13:56 of 3rd period - Shot by Jack Hughes.
13:56 of 3rd period - Shot Misses the Net.
13:58 of 3rd period - Shot by Esa Lindell.
13:58 of 3rd period - Shot Misses the Net.
14:00 of 3rd period - Shot by Owen Power.
14:00 of 3rd period - Shot Misses the Net.
14:02 of 3rd period - Shot by Owen Power.
14:02 of 3rd period - Stopped by John Gibson with a rebound.
14:04 of 3rd period - Shot by Owen Power.
14:04 of 3rd period - Shot Misses the Net.
14:06 of 3rd period - Shot by Wayne Simmonds.
14:06 of 3rd period - Shot Blocked by Brandon Carlo.
15:00 of 3rd period - Brandon Sutter is hit by Tage Thompson and loses puck.
15:05 of 3rd period - Shot by Pius Suter.
15:05 of 3rd period - Goal by Pius Suter - CHICAGO Blackhawks : 3 - CAROLINA Hurricanes : 3.
15:06 of 3rd period - Adam Gaudette wins face-off versus Curtis Lazar in neutral zone.
15:17 of 3rd period - Shot by Conor Garland.
15:17 of 3rd period - Shot Blocked by Ryan Ellis.
15:39 of 3rd period - Shot by Conor Garland.
15:39 of 3rd period - Stopped by Ilya Samsonov with a rebound.
15:45 of 3rd period - Conor Garland is hit by Curtis Lazar.
16:08 of 3rd period - Ryan Ellis is hit by Pius Suter and loses puck.
16:39 of 3rd period - Pius Suter is hit by Esa Lindell and loses puck.
17:00 of 3rd period - Shot by Jack Hughes.
17:00 of 3rd period - Goal by Jack Hughes - CHICAGO Blackhawks : 3 - CAROLINA Hurricanes : 4.
17:01 of 3rd period - J.T. Compher wins face-off versus Tyler Motte in neutral zone.
18:34 of 3rd period - Shot by Conor Garland.
18:34 of 3rd period - Stopped by Ilya Samsonov without a rebound.
18:35 of 3rd period - Mathew Barzal wins face-off versus Connor Dewar in CAROLINA Hurricanes zone.
18:48 of 3rd period - Shot by Oliver Wahlstrom.
18:48 of 3rd period - Shot Misses the Net.
19:08 of 3rd period - Shot by Jack Hughes.
19:08 of 3rd period - Stopped by John Gibson without a rebound.
19:09 of 3rd period - Jack Hughes wins face-off versus Mathew Barzal in CHICAGO Blackhawks zone.
19:32 of 3rd period - Shot by Jack Hughes.
19:32 of 3rd period - Deflect By Marcus Johansson.
19:32 of 3rd period - Stopped by John Gibson without a rebound.
19:33 of 3rd period - Mathew Barzal wins face-off versus Jack Hughes in CHICAGO Blackhawks zone.
19:46 of 3rd period - CHICAGO Blackhawks, John Gibson is pulled from the net.
Goals for this period are 1 for CHICAGO Blackhawks vs 3 for CAROLINA Hurricanes .
Shots for this period are 14 for CHICAGO Blackhawks vs 8 for CAROLINA Hurricanes .